 Dungeon Crawl Stone Soup version 0.30-a0-949-g53dc5368d7 (webtiles) character file.

Game seed: 11734836800968465124

226 HoaS the Shooter (level 6, -4/44 HPs)
             Began as a Formicid Hunter on Mar 27, 2023.
             Slain by a sleepcap (20 damage)
             ... on level 3 of the Dungeon.
             The game lasted 00:05:20 (2613 turns).

HoaS the Shooter (Formicid Hunter)                  Turns: 2613, Time: 00:05:21

Health: -4/44      AC:  3    Str: 15    XL:     6   Next: 21%
Magic:  6/6        EV:  2    Int:  9    God:
Gold:   102        SH:  0    Dex: 19    Spells: 5/5 levels left

rFire   . . .      SeeInvis +    a - +1 shortbow
rCold   . . .      Faith    .    h - +0 tower shield
rNeg    . . .      Spirit   .    c - +0 leather armour
rPois   .          Reflect  .    (helmet unavailable)
rElec   .          Rampage  .    (no cloak)
rCorr   .                        (no gloves)
Will    .....                    (no boots)
Stlth   ++                       (no amulet)
HPRegen 0.27/turn                (no ring)
MPRegen 0.10/turn                (no ring)

@: sleeping
A: permanent stasis, dig shafts and tunnels, antennae 3, four strong arms
a: Dig, Shaft Self


You were on level 3 of the Dungeon.
You visited 1 branch of the dungeon, and saw 4 of its levels.

You collected 237 gold pieces.
You spent 135 gold pieces at shops.

Inventory:

Hand Weapons
 a - a +1 shortbow (weapon)
Missiles
 m - 2 throwing nets
Armour
 c - a +0 leather armour (worn)
 h - a +0 tower shield (worn)
Scrolls
 b - 2 scrolls of immolation
Potions
 d - a potion of resistance {unknown}
 e - a potion of flight {unknown}
 f - 5 potions of curing
 g - 3 potions of magic {unknown}
 i - 2 potions of might {unknown}
 j - 2 potions of haste {unknown}
 k - a potion of berserk rage {unknown}


   Skills:
 - Level 2.1 Fighting
 * Level 6.6 Ranged Weapons
 - Level 1.7 Dodging
 - Level 1.2 Stealth
 + Level 2.7 Shields


You had 5 spell levels left.
You didn't know any spells.
Your spell library contained the following spells:

 Spells                   Type           Power      Damage    Failure   Level
 Magic Dart               Conj           0%         1d3       98%         1
 Slow                     Hex            0%         N/A       98%         1
 Call Imp                 Summ           0%         N/A       99%         2
 Confusing Touch          Hex            0%         N/A       100%        3
 Gell's Gravitas          Tloc           0%         N/A       100%        3
 Mephitic Cloud           Conj/Pois/Air  0%         N/A       100%        3
 Teleport Other           Tloc           0%         N/A       100%        3
 Vampiric Draining        Necr           0%         2d6       100%        3
 Dispersal                Tloc           0%         N/A       100%        6


Dungeon Overview and Level Annotations

Branches:
Dungeon (4/15)
 Temple: D:4-7

Altars:

Shops:
D:2 *


Innate Abilities, Weirdness & Mutations

You cannot be hasted, slowed, berserked, paralysed or teleported.
You can dig through walls and to a lower floor.
You have a pair of large antennae on your head. (SInv)
Your four strong arms can wield two-handed weapons with a shield.


Message History

You shoot an arrow. The gnoll shouts!
The arrow hits the sleepcap.
The sleepcap is moderately damaged.
You hear a shout! x2
You shoot an arrow.
The arrow hits the sleepcap but does no damage.
The sleepcap is moderately damaged.
The sleepcap attacks as you move away! You block the sleepcap's attack.
The sleepcap attacks as you move away! The sleepcap releases spores at you.
You see here a +0 spear.
The sleepcap attacks as you move away! You block the sleepcap's attack.
There is a stone staircase leading up, spattered with blood here.
You shoot an arrow.
The arrow hits the sleepcap but does no damage.
The sleepcap is moderately damaged.
You block the sleepcap's attack. The sleepcap releases spores at you.
You are engulfed in a cloud of soporific spores!
You fall asleep.
The sleepcap barely misses you. The sleepcap releases spores at you!
You wake up.
The gnoll barely misses you. The sleepcap closely misses you.
You block the gnoll's attack.
You climb upwards.
There is a stone staircase leading down, spattered with blood here.
You shoot an arrow. The arrow hits the sleepcap.
The sleepcap is moderately damaged.
The sleepcap releases spores at you. You block the gnoll's attack.
You shoot an arrow. The arrow hits the sleepcap!
The sleepcap is severely damaged.
You block the sleepcap's attack. The gnoll hits you with a +0 hand axe.
You shoot an arrow. The arrow hits the sleepcap.
The sleepcap is almost destroyed.
The gnoll barely misses you. You block the sleepcap's attack.
You block the gnoll's attack. The sleepcap releases spores at you.
You are engulfed in a cloud of soporific spores!
You fall asleep.
The gnoll completely misses you. The sleepcap completely misses you.
The sleepcap releases spores at you!!
You die...

.......................'.........
###...#.#########...####.......>.
##.##.# #..## ##.......# ####.#
#.## ##.....## #.# ##.## ##...##
#.# ##...## ##'## #.#
#.(...########.# #.#
#.g..........#.#### #######.#
#[@[.)######.#.#... ........#
##)f.## #.....## ######### #####
#.....# #.....## #.#.#.##
#....... ###.#.## #.#... #.####


You could see a sleepcap and a gnoll.

Vanquished Creatures
  A gnoll sergeant (D:4)
  6 gnolls
  An adder (D:2)
  3 worms
  5 orcs
  16 endoplasms
  4 giant cockroaches
  6 goblins
  7 hobgoblins
  A kobold (D:3)
  4 quokkas
  6 ball pythons
  5 bats
  4 frilled lizards (D:1)
  6 rats
75 creatures vanquished.

Notes
Turn   | Place    | Note
-------+----------+-------------------------------------------
     0 | D:1      | HoaS the Formicid Hunter began the quest for the Orb.
     0 | D:1      | Reached XP level 1. HP: 16/16 MP: 1/1
    72 | D:1      | Reached XP level 2. HP: 22/22 MP: 2/2
   249 | D:1      | Reached XP level 3. HP: 27/27 MP: 3/3
   391 | D:1      | Reached skill level 5 in Ranged Weapons
   678 | D:2      | Reached XP level 4. HP: 25/33 MP: 4/4
   875 | D:2      | Found Voaroffu's Assorted Antiques.
  1154 | D:2      | Bought a tower shield for 135 gold pieces
  1570 | D:3      | Found a faded altar of an unknown god.
  1601 | D:3      | Reached XP level 5. HP: 38/38 MP: 5/5
  1607 | D:3      | Reached skill level 1 in Shields
  2007 | D:3      | Reached skill level 6 in Ranged Weapons
  2483 | D:4      | Reached XP level 6. HP: 18/44 MP: 6/6
  2613 | D:3      | Slain by a sleepcap

Illustrated notes

Levels and vault maps discovered:
D:1:      dpeg_arrival_chambers_temple_mockup, layout_basic, minmay_bisected
D:2:      layout_rooms, serial_shops, shop
D:3:      layout_loops_corners, basic_ecumenical_altar
D:4:      layout_cave_pools, zin_angel, portal_sewer_entry_e

Skill      XL: |  1  2  3  4  5 |
---------------+----------------+-----
Ranged Weapons | 5 6 |  6.6
Shields        | 2 |  2.7
Fighting       | |  2.1
Dodging        | |  1.7
Stealth        | |  1.2

Action                     |  1- 3 |  4- 6 || total
---------------------------+-------+-------++-------
   Fire: Shortbow          |    67 |   139 ||   206
    Use: Scroll            |     1 |     4 ||     5
 Armour: Leather armour    |     6 |     9 ||    15
  Dodge: Dodged            |    10 |    21 ||    31
  Block: Tower shield      |       |    58 ||    58

Table legend: (Time is in decaauts)
 A = Elapsed time spent in this place.
 B = Non-inter-level travel time spent in this place.
 C = Inter-level travel time spent in this place.
 D = Time resting spent in this place.
 E = Time spent auto-exploring this place.
 F = Levels seen in this place.
 G = Mean time per level.
                   A        B        C        D        E       F      G
               +--------+--------+--------+--------+--------+-----+--------+
         Total |   2708 |   2558 |    150 |    574 |   1463 |   4 |  677.0 |
       Dungeon |   2708 |   2558 |    150 |    574 |   1463 |   4 |  677.0 |
               +--------+--------+--------+--------+--------+-----+--------+

Top non-repeatable levels by time:
     D:3: 1359 daAuts
     D:1: 640 daAuts
     D:2: 556 daAuts
     D:4: 151 daAuts
